AoeStats
← maradona10

MegaRandom

505020376Analyzed
1v1 RM · 24d ago on Sep 7, 2026· 32m 6s· 2 players
Game mode
Random Map
Map size
Tiny (2 player)
Population
200
Speed
Normal
Resources
Standard
Victory
Conquest
Starting age
Dark Age
Ending age
Imperial Age
RankedLock teamsTeams togetherTeam positionsShared explorationLock speedFull tech treeHidden civsTurbo modeCheats
Victory
Defeat
🇪🇸 Magyars · Spain
1108
+15
🇭🇰 Teutons · Hong Kong SAR China
1096
-15
ching44
9:54 Loom
12:24 Feudal Age
13:05 Double-Bit Axe
14:25 Horse Collar
16:56 Scale Barding Armor
18:20 Forging
23:30 Castle Age
21:52 Gold Mining
21:58 Stone Mining
23:31 Fletching
24:38 Bodkin Arrow
26:00 Scale Mail Armor
26:12 Pikeman
28:05 Bow Saw
maradona10
11:58 Feudal Age
10:17 Loom
12:46 Double-Bit Axe
17:44 Castle Age
16:17 Double-Bit Axe
18:55 Fletching
18:48 Horse Collar
19:36 Husbandry
19:34 Gold Mining
22:08 Town Watch
26:14 Ballistics
26:55 Bloodlines
29:30 Bodkin Arrow
Connection lost

Rejoining the realm…

Still unreachable

The connection could not be restored.

Session expired

The server has moved on; the page needs a fresh start.